 Dungeon Crawl Stone Soup version 0.14-a0-519-g334afa2 (webtiles) character file.

6182 Deemzul the Martial Artist (level 10, -9/76 HPs)
             Began as a Demonspawn Monk on Nov 1, 2013.
             Was the Champion of Cheibriados.
             Mangled by an orc warrior
             ... wielding a +0,+1 orcish great mace
              (24 damage)
             ... on Level 10 of the Dungeon.
             The game lasted 00:28:57 (7274 turns).

Deemzul the Martial Artist (Demonspawn Monk)        Turns: 7274, Time: 00:28:57

HP  -9/76        AC 14     Str 28      XL: 10   Next: 52%
MP   0/9         EV 15     Int 26      God: Cheibriados [******]
Gold 301         SH 17     Dex 35      Spells:  0 memorised,  9 levels left

Res.Fire  : . . .   See Invis. : .     - Unarmed
Res.Cold  : . . .   Warding    : .   Z - +0 steam dragon armour
Life Prot.: . . .   Conserve   : .   f - +0 elf buckler (curse)
Res.Poison: +       Res.Corr.  : .   (no helmet)
Res.Elec. : .       Clarity    : .   C - +0 dwarf cloak
Sust.Abil.: . .     Spirit.Shd : +   M - +0 pair of gauntlets
Res.Mut.  : .       Stasis     : .   (no boots)
Res.Rott. : .       Flight     : .   d - amulet of guardian spirit
Saprovore : . . .                    P - +2 ring of dexterity
                                     F - ring of poison resistance {unknown}

@: very slightly contaminated, very slow, somewhat resistant to hostile
enchantments, very stealthy
A: nightstalker 1, powered by death 3, regeneration 1, AC +6
a: Bend Time, Temporal Distortion, Slouch, Step From Time, Renounce Religion


You were on level 10 of the Dungeon.
You worshipped Cheibriados.
Cheibriados was exalted by your worship.
You were not hungry.

You visited 2 branches of the dungeon, and saw 11 of its levels.
You also visited: Sewer and Ossuary.

You collected 366 gold pieces.
You spent 65 gold pieces at shops.

Inventory:

Hand weapons
 H - a +0 blowgun
Missiles
 m - 13 poisoned needles
 U - 4 curare-tipped needles
Armour
 f - a cursed +0 elven buckler (worn)
 C - a +0 dwarven cloak (worn)
 E - a +2 dwarven ring mail
 M - a +0 pair of gauntlets (worn)
 Z - a +0 steam dragon armour (worn)
Magical devices
 p - a wand of digging (8)
 B - a wand of digging (7)
 G - a wand of flame (11)
 K - a wand of flame (1)
 L - a wand of cold (12)
 W - a wand of fire (6)
 X - a wand of teleportation (2)
Comestibles
 b - 8 bread rations
 k - 2 pears
 n - 5 meat rations
 o - 2 apples
 s - 3 rotting chunks of worker ant flesh
 t - 5 grapes
 N - 18 cheeses
 V - a lychee
Scrolls
 g - 4 scrolls of magic mapping
 i - 2 scrolls of recharging
 l - 2 scrolls of amnesia
 q - 6 scrolls of remove curse
 r - a scroll of blinking
 x - 3 scrolls of noise
 A - 2 scrolls of fear
 D - a scroll of fog
 J - 4 scrolls of identify
 O - 3 scrolls of teleportation
Jewellery
 d - an amulet of guardian spirit (around neck)
 e - an uncursed amulet of warding {unknown}
 y - a cursed ring of ice
 F - a ring of poison resistance (left hand) {unknown}
 P - a +2 ring of dexterity (right hand)
 T - an uncursed ring of magical power {unknown}
Potions
 a - 2 potions of flight
 h - 9 potions of curing
 j - 2 potions of heal wounds
 u - a potion of degeneration
 v - 2 potions of restore abilities
 w - 2 potions of agility
 z - 2 potions of magic
 I - a potion of might
 Q - 2 potions of brilliance
 R - a potion of speed
 S - a potion of mutation


   Skills:
 + Level 8.0 Fighting
 + Level 5.8 Armour
 + Level 2.8 Dodging
 + Level 2.1 Stealth
 + Level 5.6 Shields
 * Level 10.4 Unarmed Combat


You had 9 spell levels left.
You didn't know any spells.

Dungeon Overview and Level Annotations

Branches:
Dungeon (10/27)            Temple (1/1) D:4
    Orc: D:6-11        Lair: D:8-13

Altars:
Cheibriados
Elyvilon
Fedhas
Kikubaaqudgha
Nemelex Xobeh
Okawaru
Sif Muna
Trog
Zin
the Shining One

Shops:
D:5 ?   D:6 *

Annotations:
D:4 Dowan
D:10 exclusion: orange crystal statue, Erica


Innate Abilities, Weirdness & Mutations

You are mostly covered in iridescent scales (AC +6).
You are slightly more attuned to the shadows.
You can steal the life force of all defeated enemies in sight.
Your natural rate of healing is unusually fast.


Message History

The bolt of fire hits the orc warrior.
The orc warrior is moderately wounded.
W - a wand of fire {zapped: 1} Evoke which item? (* to show all) (? for menu, Esc to quit)
Zapping:
X - a copper wand
Press: ? - help, Shift-Dir - straight line, f/p - orc warrior
Aim: an orc warrior, wielding an orcish glaive and wearing a shiny orcish chain mail (moderately wounded)
The orc warrior resists with some effort.
X - a wand of teleportation {zapped: 1} Evoke which item? (* to show all) (? for menu, Esc to quit)
Zapping:
W - a wand of fire {zapped: 1}
Press: ? - help, Shift-Dir - straight line, f/p - orc warrior
Aim: an orc warrior, wielding an orcish glaive and wearing a shiny orcish chain mail (moderately wounded)
The bolt of fire hits the orc warrior.
You kill the orc warrior!
Cheibriados appreciates the change of pace.
You hit the orc warrior but do no damage.
You completely miss the orc warrior.
The orc warrior hits you with an orcish great mace!
You die...

............#.####.##........
...................)).>.......
....###.#.####........)......#
....# #.#.# ###.............
... #.# #.##.......... #.
#.##....##... ...####.##....#
... .........#....##.
.......@..........
...####o.#.(..##. ####..#....#
#.....#.#### #.##).#.# #
#..#.# # #..#.#
....#.##..#.####
......o.........


You could see an orc warrior.

Vanquished Creatures
  Joseph (D:8)
  2 trolls
  4 yaks (D:9)
  A steam dragon (D:9)
  A hungry ghost (D:9)
  A hippogriff (D:7)
  A manticore (D:7)
  4 ice beasts
  2 sky beasts
  6 orc warriors
  4 ogres
  3 centaurs
  Duvessa (D:4)
  A big kobold (Sewer)
  A cyclops zombie (D:8)
  5 giant frogs
  2 hippogriff zombies
  A centaur zombie (Ossuary)
  A goliath beetle (D:8)
  A quasit (D:8)
  A big fish (Sewer)
  5 bog bodies (Ossuary)
  A jelly (D:3)
  3 orc priests
  A water moccasin zombie (D:8)
  5 crimson imps
  3 hounds
  3 worker ants
  An iguana (D:8)
  4 orc wizards
  An orange rat (D:7)
  A sky beast zombie (D:8)
  2 ogre skeletons
  A big kobold skeleton (D:9)
  7 mummies (Ossuary)
  A hound zombie (Ossuary)
  6 green rats
  10 adders
  3 gnolls (D:3)
  2 worm zombies
  A giant mite (D:6)
  3 worms
  A goliath beetle zombie (Ossuary)
  An adder zombie (Ossuary)
  4 grey rats (D:7)
  An iguana skeleton (D:9)
  2 giant eyeballs
  4 giant geckos
  An ooze (D:3)
  28 orcs
  A ball python (D:1)
  17 bats
  4 bat zombies (Ossuary)
  5 giant cockroaches
  A gnoll zombie (Ossuary)
  23 goblins
  20 hobgoblins
  15 jackals
  4 quokkas
  A giant cockroach zombie (Ossuary)
  A giant mite zombie (Ossuary)
  3 giant newts
  A giant newt skeleton (D:5)
  A giant spore (D:9)
  A goblin zombie (Ossuary)
  A hobgoblin zombie (Ossuary)
  A jackal zombie (Ossuary)
  21 kobolds
  A kobold skeleton (D:3)
  A kobold zombie (D:6)
  2 orc zombies (Ossuary)
  26 rats
  A ballistomycete (D:9)
302 creatures vanquished.

Vanquished Creatures (others)
  A plant (Ossuary)
1 creature vanquished.

Grand Total: 303 creatures vanquished

Notes
Turn   | Place    | Note
--------------------------------------------------------------
     0 | D:1      | Deemzul, the Demonspawn Monk, began the quest for the Orb.
     0 | D:1      | Reached XP level 1. HP: 16/16 MP: 0/0
   161 | D:1      | Gained mutation: You can steal the life force of nearby defeated enemies. [demonic ancestry]
   161 | D:1      | Reached XP level 2. HP: 12/22 MP: 1/1
   252 | D:1      | Reached skill level 4 in Unarmed Combat
   589 | D:1      | Gained mutation: You can steal the life force of defeated enemies. [demonic ancestry]
   589 | D:1      | Reached XP level 3. HP: 28/28 MP: 2/2
   788 | D:2      | Gained mutation: You are partially covered in iridescent scales (AC +4). [demonic ancestry]
   788 | D:2      | Reached XP level 4. HP: 32/34 MP: 1/3
  1466 | D:3      | Reached skill level 5 in Unarmed Combat
  1839 | D:3      | Reached XP level 5. HP: 35/40 MP: 2/4
  2090 | D:4      | Found a staircase to the Ecumenical Temple.
  2099 | Temple   | Entered the Ecumenical Temple
  2119 | Temple   | Became a worshipper of Cheibriados the Contemplative
  2119 | Temple   | Acquired Cheibriados' first power
  2424 | D:4      | Noticed Duvessa
  2426 | D:4      | Noticed Dowan
  2446 | D:4      | Killed Duvessa
  2446 | D:4      | Reached XP level 6. HP: 22/47 MP: 2/5
  2616 | D:3      | Reached skill level 6 in Unarmed Combat
  2723 | D:4      | Found a deep blue altar of Sif Muna.
  2800 | D:5      | Entered Level 5 of the Dungeon
  2974 | D:5      | Reached skill level 5 in Fighting
  3118 | D:5      | Gained mutation: You are mostly covered in iridescent scales (AC +6). [demonic ancestry]
  3118 | D:5      | Reached XP level 7. HP: 23/53 MP: 1/6
  3294 | D:5      | Found Zeageqet's Magic Scroll Emporium.
  3298 | D:5      | Bought a scroll of curse weapon for 26 gold pieces
  3298 | D:5      | Bought a scroll of remove curse for 39 gold pieces
  3537 | D:6      | Reached skill level 1 in Shields
  3555 | D:6      | Found a glowing drain.
  3577 | Sewer    | Entered a sewer
  3663 | Sewer    | Reached skill level 1 in Armour
  3664 | Sewer    | Acquired Cheibriados' second power
  3686 | Sewer    | Found a white marble altar of Elyvilon.
  3954 | D:6      | Reached skill level 7 in Unarmed Combat
  4072 | D:6      | Paralysed by a giant eyeball for 3 turns
  4154 | D:6      | Found Enegonaorr's Assorted Antiques.
  4271 | D:6      | Reached XP level 8. HP: 37/60 MP: 4/7
  4627 | D:7      | Found an iron altar of Okawaru.
  4835 | D:7      | Acquired Cheibriados' third power
  4876 | D:7      | Reached skill level 8 in Unarmed Combat
  4907 | D:7      | Found a sand-covered staircase.
  4912 | Ossuary  | Entered an ossuary
  5071 | Ossuary  | Gained mutation: Your natural rate of healing is unusually fast. [potion of beneficial mutation]
  5185 | Ossuary  | Acquired Cheibriados' fourth power
  5313 | D:7      | Gained mutation: You can steal the life force of all defeated enemies in sight. [demonic ancestry]
  5313 | D:7      | Reached XP level 9. HP: 59/67 MP: 6/8
  5470 | D:8      | Found an iron altar of Okawaru.
  5544 | D:8      | Found a sparkling altar of Nemelex Xobeh.
  5612 | D:8      | Noticed Joseph
  5644 | D:8      | Killed Joseph
  5644 | D:8      | Reached skill level 9 in Unarmed Combat
  5760 | D:8      | Found a glowing golden altar of the Shining One.
  6397 | D:9      | Reached skill level 5 in Armour
  6397 | D:9      | Gained mutation: You are slightly more attuned to the shadows. [demonic ancestry]
  6397 | D:9      | Reached XP level 10. HP: 46/75 MP: 4/9
  6485 | D:9      | Reached skill level 5 in Shields
  6573 | D:9      | Reached skill level 10 in Unarmed Combat
  6579 | D:9      | Noticed a hill giant
  6636 | D:9      | Found a white marble altar of Elyvilon.
  7113 | D:10     | Entered Level 10 of the Dungeon
  7153 | D:10     | Noticed Erica
  7274 | D:10     | Mangled by an orc warrior

Action                   |  1- 3 |  4- 6 |  7- 9 | 10-12 || total
-------------------------+-------+-------+-------+-------++-------
Melee: Unarmed           |   139 |   306 |   573 |   155 ||  1173
Invok: Bend Time         |       |       |     1 |       ||     1
Evoke: Wand              |     1 |     1 |    10 |     4 ||    16
  Use: Scroll            |       |     9 |    16 |     4 ||    29
       Potion            |       |     3 |     5 |       ||     8
 Stab: Sleeping          |     5 |       |     4 |     8 ||    17
       Distracted        |       |       |     4 |       ||     4
